[Event "Titled Tuesday Blitz August 1 Early 2023"]
[White "Moroni, Luca Jr"]
[Black "Kiremitciyan, Ari"]
[WhiteFideId "865834"]
[BlackFideId "6373445"]
[WhiteElo "2844"]
[BlackElo "2495"]
[Result "1-0"]
[Round "3"]
[TimeControl "180+1"]
[Date "2023.08.01"]
[WhiteClock "0:02:04"]
[BlackClock "0:00:02"]
[Board "88"]

1. Nc3 d5 2. e4 dxe4 3. Nxe4 Nf6 4. Nxf6+ exf6 5. d4 Bd6 6. Bd3 O-O 7. Ne2 c6 8. c3 Nd7 9. Qc2 g6 10. h4 Re8 11. h5 Nf8 12. hxg6 fxg6 13. Bh6 f5 14. O-O-O Be6 15. g4 Qa5 16. gxf5 Bxf5 17. Bxf5 Qxf5 18. Qxf5 gxf5 19. Bxf8 Bxf8 20. Rdg1+ Kh8 21. Nf4 Bg7 22. Rh5 Re4 23. Ng6+ Kg8 24. Nh4 Rg4 25. Re1 f4 26. Nf5 Rf8 27. Kc2 Rg2 28. Kd3 Kh8 29. Re7 Rg6 30. Rxb7 1-0


[Site "https://www.chess.com"]

[Event "Titled Tuesday Blitz August 1 Early 2023"]
[White "Hoang, Thi Bao Tram"]
[Black "Harvey, Marcus R"]
[WhiteFideId "12401102"]
[BlackFideId "400092"]
[WhiteElo "2494"]
[BlackElo "2795"]
[Result "0-1"]
[Round "3"]
[TimeControl "180+1"]
[Date "2023.08.01"]
[WhiteClock "0:00:06"]
[BlackClock "0:00:15"]
[Board "89"]

1. d4 d5 2. c4 e6 3. Nc3 Nf6 4. Bg5 dxc4 5. e3 a6 6. a4 c5 7. Bxc4 cxd4 8. exd4 Be7 9. Nf3 h6 10. Bh4 O-O 11. O-O Nc6 12. Bd3 Nb4 13. Bb1 b6 14. Re1 Bb7 15. Ne5 Rc8 16. Qd2 Nfd5 17. Bg3 Qe8 18. Be4 f5 19. Bxd5 Nxd5 20. f3 Bb4 21. Rac1 Qxa4 22. Ng6 Rfe8 23. Nf4 Nxf4 24. Bxf4 Qd7 25. Be5 b5 26. Re3 Kh7 27. Rce1 g5 28. Qd3 Qf7 29. Ra1 Red8 30. Qe2 h5 31. Na2 Ba5 32. Nc1 Bb6 33. Nb3 Rc4 34. Nc5 Rxc5 35. dxc5 Bxc5 36. Kh1 Bxe3 37. Qxe3 Rd5 38. Bc3 f4 39. Qe2 Kh6 40. h3 Qf5 41. Rd1 Rxd1+ 42. Qxd1 Qd5 43. Qe2 Kg6 44. Qc2+ Qf5 45. Qe2 Bd5 46. Qf2 g4 47. hxg4 hxg4 48. Qf1 g3 49. Kg1 Qh5 50. Qd3+ Kg5 51. Kf1 Bc4 0-1


[Site "https://www.chess.com"]

[Event "Titled Tuesday Blitz August 1 Early 2023"]
[White "Dushyant Sharma"]
[Black "Mahdavi, Reza"]
[WhiteFideId "25065130"]
[BlackFideId "12595926"]
[WhiteElo "2492"]
[BlackElo "2788"]
[Result "0-1"]
[Round "3"]
[TimeControl "180+1"]
[Date "2023.08.01"]
[WhiteClock "0:00:04"]
[BlackClock "0:00:09"]
[Board "90"]

1. e4 c5 2. Nf3 d6 3. d4 cxd4 4. Nxd4 Nf6 5. Nc3 a6 6. f4 e5 7. Nf3 exf4 8. Bxf4 Nc6 9. Bd3 Be7 10. O-O O-O 11. Kh1 b5 12. a3 Bb7 13. Qe1 Nd7 14. Nd5 Nce5 15. Nxe7+ Qxe7 16. Nd4 g6 17. Qg3 Rfe8 18. Nf5 Qe6 19. Nd4 Qe7 20. Nf5 Qe6 21. Nd4 Qf6 22. Bh6 Qe7 23. Nf5 Qe6 24. Nd4 Qg4 25. Qxg4 Nxg4 26. Bf4 Bxe4 27. Bxd6 Bxd3 28. cxd3 Rac8 29. h3 Ne3 30. Rfe1 Nd5 31. Rac1 Rxc1 32. Rxc1 Re3 33. Rc8+ Kg7 34. Rd8 N5f6 35. Nf3 Rxd3 36. Bf8+ Kh8 37. Bh6+ Ng8 38. Ng5 Rd1+ 39. Kh2 Rf1 40. Rxd7 Nxh6 41. Ra7 Rf6 42. Ne4 Rc6 43. Ng5 Kg7 44. b4 Rb6 45. h4 Ng4+ 46. Kg3 Nh6 47. Kh3 Rc6 48. g3 Rc3 49. Rxa6 Nf5 50. Ra7 Rxg3+ 51. Kh2 Rb3 52. Rxf7+ Kg8 53. Rb7 Rxa3 54. Nxh7 Nxh4 55. Nf6+ Kf8 56. Rxb5 Nf5 57. Rb7 Rb3 58. Rd7 Ne7 59. Rb7 g5 60. Nh7+ Ke8 61. Nxg5 Nd5 62. Ne6 Nxb4 63. Kg2 Rb2+ 64. Kf3 Rb1 65. Ke4 Re1+ 66. Kf5 Nc6 67. Ng7+ Kf8 68. Kf6 Rf1+ 69. Nf5 Ke8 70. Rc7 Nd4 71. Re7+ Kd8 72. Re5 Nf3 73. Rd5+ Kc7 74. Rc5+ Kb6 75. Rd5 Kc6 76. Ra5 Nd4 77. Re5 Rf2 78. Kg6 Nf3 79. Re6+ Kd5 80. Rf6 Ne5+ 81. Kg7 Rg2+ 82. Kf8 Nd7+ 83. Ke7 Nxf6 84. Kxf6 Rf2 85. Kg5 Ke5 86. Ng3 Rf8 87. Kg4 Rf7 88. Nh5 Rf1 89. Ng3 Rg1 90. Kf3 Ra1 91. Kg4 Ra4+ 92. Kf3 Rb4 93. Kf2 Kf4 94. Ne2+ Kg4 95. Ke3 Rb8 96. Nc3 Re8+ 97. Ne4 Kf5 0-1


[Site "https://www.chess.com"]

[Event "Titled Tuesday Blitz August 1 Early 2023"]
[White "Basso, Pier Luigi"]
[Black "Brunner, Nicolas"]
[WhiteFideId "866970"]
[BlackFideId "620246"]
[WhiteElo "2779"]
[BlackElo "2490"]
[Result "1-0"]
[Round "3"]
[TimeControl "180+1"]
[Date "2023.08.01"]
[WhiteClock "0:01:40"]
[BlackClock "0:00:14"]
[Board "91"]

1. e4 e5 2. Nf3 Nf6 3. Nxe5 d6 4. Nf3 Nxe4 5. Nc3 Nf6 6. d4 Be7 7. h3 O-O 8. Bd3 b6 9. O-O Bb7 10. Re1 Nbd7 11. a4 a6 12. Nh4 Re8 13. Nf5 Bf8 14. Bg5 h6 15. Bh4 Rxe1+ 16. Qxe1 g6 17. Ne3 Bg7 18. Ncd5 g5 19. Nxf6+ Bxf6 20. Bg3 Bxd4 21. Nf5 Bg7 22. Nxg7 Kxg7 23. Qc3+ Kg8 24. Re1 Nc5 25. Bf5 Nxa4 26. Qd4 Nc5 27. h4 Qf8 28. hxg5 hxg5 29. b4 Na4 30. Qc4 Re8 31. Rxe8 Qxe8 32. Qxc7 Be4 33. Bd7 1-0


[Site "https://www.chess.com"]

[Event "Titled Tuesday Blitz August 1 Early 2023"]
[White "Dziththauly Ramadhan"]
[Black "Kaplan, Avi Harrison"]
[WhiteFideId "7105525"]
[BlackFideId "30934559"]
[WhiteElo "2773"]
[BlackElo "2490"]
[Result "1-0"]
[Round "3"]
[TimeControl "180+1"]
[Date "2023.08.01"]
[WhiteClock "0:01:40"]
[BlackClock "0:00:00"]
[Board "92"]

1. d4 Nf6 2. c4 a6 3. Nc3 b5 4. cxb5 axb5 5. Nxb5 e5 6. dxe5 Ne4 7. Qd4 Bb7 8. Nc3 Bc5 9. Qc4 d5 10. exd6 Bxf2+ 11. Kd1 Qxd6+ 12. Qd3 Qe6 13. Nh3 Ra6 14. Nxe4 Bxe4 15. Ng5 Bxd3 16. Nxe6 Rxe6 17. exd3 Re1+ 18. Kc2 Nc6 19. b3 Nb4+ 20. Kd2 O-O 21. Bb2 Rfe8 22. g3 Rxa1 23. Bxa1 Nxa2 24. Bg2 Nb4 25. Bc3 Na6 26. d4 Rd8 27. d5 c6 28. Ke2 Bc5 29. dxc6 Nc7 30. Ba5 Re8+ 31. Kd2 Nd5 32. Bxd5 1-0


[Site "https://www.chess.com"]

[Event "Titled Tuesday Blitz August 1 Early 2023"]
[White "Kaczur, Florian"]
[Black "Kleiman, Jake"]
[WhiteFideId "705098"]
[BlackFideId "2020041"]
[WhiteElo "2772"]
[BlackElo "2489"]
[Result "0-1"]
[Round "3"]
[TimeControl "180+1"]
[Date "2023.08.01"]
[WhiteClock "0:00:25"]
[BlackClock "0:00:30"]
[Board "93"]

1. d4 Nf6 2. Bg5 Ne4 3. Bd2 d5 4. Nc3 Nxd2 5. Qxd2 Bf5 6. Qg5 e6 7. Qxd8+ Kxd8 8. O-O-O Nd7 9. Nf3 c6 10. Ng5 Bg6 11. f4 Bd6 12. e3 Kc7 13. h4 h6 14. Nh3 f6 15. Nf2 e5 16. g3 Rae8 17. Kd2 exd4 18. exd4 Re7 19. h5 Bf7 20. Re1 Rxe1 21. Kxe1 Re8+ 22. Kd2 b5 23. Bd3 Re7 24. Ng4 Nb6 25. Ne3 Be6 26. Ncd1 Nc4+ 27. Bxc4 bxc4 28. Nc3 Re8 29. Rf1 Bb4 30. a3 Ba5 31. b4 cxb3 32. cxb3 Bh3 33. Re1 Bxc3+ 34. Kxc3 Kd7 35. Kd3 Bg4 36. Rf1 Bxh5 37. g4 Bg6+ 38. f5 Bf7 39. Rf4 Re4 40. Rxe4 dxe4+ 41. Kxe4 Bxb3 42. Nf1 Kd6 43. Ng3 Bd5+ 44. Ke3 Bf7 45. Ne2 Kd5 46. Kd3 c5 47. Nf4+ Kd6 48. Kc3 a5 49. Nd3 cxd4+ 50. Kxd4 Bd5 51. Nf4 Bf3 52. Nh5 Bxg4 53. Nxg7 Ke7 54. Ke4 h5 55. Kf4 Bd1 56. Ne6 h4 57. Nd4 Kd6 58. Nb5+ Kc5 59. Nc3 Bc2 60. Kg4 Kc4 61. Na2 Kb3 62. Nc1+ Kb2 63. Ne2 Bd1 64. Kxh4 Bxe2 65. a4 Bd3 66. Kg3 Bxf5 67. Kf4 Bd7 68. Kg3 Bxa4 69. Kh4 Bc2 70. Kh5 a4 71. Kh6 a3 72. Kg7 a2 73. Kf8 a1=Q 74. Ke7 f5 75. Kd7 Qa6 76. Kc7 f4 77. Kb8 f3 78. Kc7 f2 79. Kd7 f1=Q 80. Kd8 Qff6+ 81. Kc7 Qab6+ 82. Kd7 Qfe6# 0-1


[Site "https://www.chess.com"]

[Event "Titled Tuesday Blitz August 1 Early 2023"]
[White "Ljukin, Sergei"]
[Black "Wagh Suyog"]
[WhiteFideId "14102200"]
[BlackFideId "25071688"]
[WhiteElo "2488"]
[BlackElo "2770"]
[Result "0-1"]
[Round "3"]
[TimeControl "180+1"]
[Date "2023.08.01"]
[WhiteClock "0:01:53"]
[BlackClock "0:01:55"]
[Board "94"]

1. e4 c6 2. d4 d5 3. e5 Bf5 4. Nd2 e6 5. Nb3 a5 6. a4 Nd7 7. Nf3 h6 8. Be2 Ne7 9. O-O Bh7 10. Bd2 Nf5 11. Qe1 b6 12. Rc1 Be7 13. c4 dxc4 14. Rxc4 Nb8 15. Bd3 O-O 16. Qb1 Bg6 17. g4 Nh4 18. Nxh4 Bxd3 19. Qxd3 Bxh4 20. f4 c5 21. f5 Nc6 22. f6 Nxe5 23. Qh3 Nxc4 24. Qxh4 Nxd2 0-1


[Site "https://www.chess.com"]

[Event "Titled Tuesday Blitz August 1 Early 2023"]
[White "Lamaze, Simon"]
[Black "Nareks, Matic"]
[WhiteFideId "36069264"]
[BlackFideId "14629526"]
[WhiteElo "2767"]
[BlackElo "2481"]
[Result "1-0"]
[Round "3"]
[TimeControl "180+1"]
[Date "2023.08.01"]
[WhiteClock "0:00:24"]
[BlackClock "0:00:17"]
[Board "95"]

1. c4 d6 2. Nf3 e5 3. d4 Nd7 4. Nc3 Ngf6 5. e4 g6 6. Be2 Bg7 7. O-O O-O 8. Be3 Ng4 9. Bg5 f6 10. Bc1 Nh6 11. Re1 Nf7 12. g3 c6 13. d5 c5 14. Kh1 f5 15. exf5 gxf5 16. Nh4 Nf6 17. f4 e4 18. Be3 Nh6 19. h3 Kh8 20. Rg1 Rg8 21. Qe1 Bf8 22. Qf2 Be7 23. Rab1 Bd7 24. b4 b6 25. a4 Qc7 26. a5 Rg7 27. bxc5 bxc5 28. a6 Bc8 29. g4 fxg4 30. f5 g3 31. Qf4 g2+ 32. Rxg2 Rxg2 33. Kxg2 Nf7 34. Nxe4 Bxa6 35. Nxc5 Rg8+ 36. Kh2 Bc8 37. Ne6 Bxe6 38. fxe6 Ne5 39. Nf5 Rg6 40. Bd4 Bd8 41. Nxd6 Qxd6 42. Bxe5 Qc5 43. e7 Qxe7 44. Rb8 Kg7 45. Bd3 Rh6 46. Qg5+ Rg6 47. Bxg6 hxg6 48. Qxf6+ Qxf6 49. Bxf6+ Bxf6 50. Rb7+ Kh6 51. Rxa7 Bd4 52. Rb7 Kh5 53. Kg2 Kg5 54. d6 1-0


[Site "https://www.chess.com"]

[Event "Titled Tuesday Blitz August 1 Early 2023"]
[White "Stribuk, Artiom"]
[Black "Bettalli, Francesco"]
[WhiteFideId "13515659"]
[BlackFideId "2816453"]
[WhiteElo "2744"]
[BlackElo "2479"]
[Result "1-0"]
[Round "3"]
[TimeControl "180+1"]
[Date "2023.08.01"]
[WhiteClock "0:00:57"]
[BlackClock "0:01:43"]
[Board "96"]

1. c4 g6 2. d4 Bg7 3. Nc3 c6 4. e4 Qb6 5. Nge2 d6 6. g3 Bg4 7. Bg2 Bxe2 8. Nxe2 Nd7 9. O-O Ngf6 10. Qc2 O-O 11. h3 Ne8 12. Be3 Qc7 13. Rad1 c5 14. b3 Rc8 15. Nf4 cxd4 16. Nd5 Qd8 17. Bxd4 Nc7 18. Be3 Nxd5 19. exd5 Nc5 20. Rfe1 a5 21. Bg5 Re8 22. Re2 Rc7 23. Rde1 h6 24. Bf4 Na6 25. Qd2 g5 26. Be3 Rc8 27. h4 gxh4 28. Bxh6 Bf6 29. Qf4 Kh7 30. Be4+ Kh8 31. Qf5 1-0


[Site "https://www.chess.com"]

[Event "Titled Tuesday Blitz August 1 Early 2023"]
[White "Mikhailovsky, Vladimir"]
[Black "Kovalevsky, Stanislav"]
[WhiteFideId "34105414"]
[BlackFideId "13508598"]
[WhiteElo "2741"]
[BlackElo "2479"]
[Result "1-0"]
[Round "3"]
[TimeControl "180+1"]
[Date "2023.08.01"]
[WhiteClock "0:00:31"]
[BlackClock "0:00:03"]
[Board "97"]

1. d4 d5 2. c4 c6 3. Nf3 Nf6 4. Qb3 dxc4 5. Qxc4 Be6 6. Qc2 h6 7. e4 g6 8. Nc3 Bg7 9. h3 Nbd7 10. Be2 b5 11. O-O Nb6 12. b3 O-O 13. Be3 Qb8 14. Rfd1 Nh5 15. Qd2 Kh7 16. Rac1 a5 17. Ne5 Bxe5 18. dxe5 Nd7 19. Bxh5 gxh5 20. f4 f5 21. exf6 Nxf6 22. f5 Bf7 23. Bxh6 Rg8 24. Bf4 Qa7+ 25. Kh2 a4 26. e5 Nd5 27. e6 Nxf4 28. Qxf4 Be8 29. bxa4 bxa4 30. Ne4 Qa5 31. f6 exf6 32. Nxf6+ Kh8 33. Qh6# 1-0


[Site "https://www.chess.com"]

[Event "Titled Tuesday Blitz August 1 Early 2023"]
[White "Javakhadze, Zurab"]
[Black "Kazakov, Mikhail"]
[WhiteFideId "13603647"]
[BlackFideId "14102749"]
[WhiteElo "2727"]
[BlackElo "2474"]
[Result "1-0"]
[Round "3"]
[TimeControl "180+1"]
[Date "2023.08.01"]
[WhiteClock "0:00:39"]
[BlackClock "0:00:00"]
[Board "99"]

1. Nf3 Nf6 2. g3 e6 3. Bg2 d5 4. O-O Be7 5. c4 O-O 6. b3 c5 7. e3 b6 8. Bb2 Bb7 9. Nc3 a6 10. cxd5 Nxd5 11. Rc1 Nb4 12. d4 cxd4 13. Nxd4 Bxg2 14. Kxg2 N8c6 15. Nxc6 Nxc6 16. Ne4 Nb4 17. Qg4 g6 18. Rfd1 Nd5 19. Qe2 f5 20. Nc3 Nxc3 21. Rxc3 Qe8 22. Rc7 Rd8 23. Ra7 Rxd1 24. Qxd1 Qc6+ 25. Qf3 Qxf3+ 26. Kxf3 Bf6 27. Ba3 Rc8 28. Rxa6 Rc6 29. Bb4 e5 30. e4 Kf7 31. a4 Rc2 32. Rxb6 Rb2 33. Bc5 Bg5 34. a5 Ra2 35. a6 Bd2 36. Rb7+ Ke6 37. a7 Be1 38. Rb8 1-0


[Site "https://www.chess.com"]

[Event "Titled Tuesday Blitz August 1 Early 2023"]
[White "Yeritsyan, Hayk"]
[Black "Jaracz, Pawel"]
[WhiteFideId "13307320"]
[BlackFideId "1102222"]
[WhiteElo "2474"]
[BlackElo "2725"]
[Result "0-1"]
[Round "3"]
[TimeControl "180+1"]
[Date "2023.08.01"]
[WhiteClock "0:00:12"]
[BlackClock "0:00:52"]
[Board "100"]

1. d4 Nf6 2. Nf3 c5 3. e3 e6 4. Bd3 Nc6 5. c3 b6 6. Nbd2 Bb7 7. Qe2 Be7 8. O-O O-O 9. Re1 Qc7 10. a3 d5 11. dxc5 bxc5 12. e4 Rad8 13. e5 Nd7 14. Nf1 c4 15. Bc2 Nc5 16. Bf4 Ba6 17. Bg3 Nd3 18. Reb1 d4 19. cxd4 Nxd4 20. Nxd4 Rxd4 21. Bxd3 cxd3 22. Qd2 Re4 23. Rc1 Qb6 24. Ne3 Bg5 25. Re1 Rc8 26. Rac1 Rxc1 27. Qxc1 h5 28. h4 Bxh4 29. Bxh4 Rxh4 30. Qd2 Re4 31. Nd1 Re2 32. Rxe2 dxe2 33. Nc3 Qa5 34. b4 Qxe5 35. Qe1 h4 36. f3 Qe3+ 37. Kh2 Bd3 38. b5 g5 39. a4 Qf4+ 40. Kg1 Qg3 41. Qxg3 hxg3 42. Nxe2 Bxe2 43. f4 gxf4 44. b6 axb6 45. a5 bxa5 46. Kh1 a4 47. Kg1 a3 48. Kh1 a2 49. Kg1 a1=Q# 0-1


[Site "https://www.chess.com"]

[Event "Titled Tuesday Blitz August 1 Early 2023"]
[White "MFatigue"]
[Black "Papasimakopoulos, Alexandros"]
[BlackFideId "4244125"]
[WhiteElo "2473"]
[BlackElo "2713"]
[Result "0-1"]
[Round "3"]
[TimeControl "180+1"]
[Date "2023.08.01"]
[WhiteClock "0:00:09"]
[BlackClock "0:01:28"]
[Board "101"]

1. e4 e6 2. d4 d5 3. Nc3 Bb4 4. e5 c5 5. a3 Bxc3+ 6. bxc3 Nc6 7. Qg4 g6 8. Nf3 Bd7 9. h4 h6 10. Qf4 Qa5 11. Bd2 Rh7 12. Bd3 c4 13. Be2 Qa4 14. Bd1 O-O-O 15. O-O Rf8 16. Qg3 Nce7 17. Qh3 f5 18. exf6 Nxf6 19. Ne5 Ne4 20. Be1 Nc6 21. Nxg6 Rg8 22. Ne5 Nxe5 23. dxe5 Rhg7 24. g4 Qa5 25. f3 Nxc3 26. Kh2 d4 27. f4 Rf8 28. Be2 Rgf7 29. Bd2 Qd5 30. Bxc3 dxc3 31. Qxc3 Rxf4 32. Rxf4 Rxf4 33. Rf1 Bc6 34. Kg3 Rd4 35. Bf3 Qxe5+ 36. Kh3 h5 37. gxh5 Rxh4+ 0-1


[Site "https://www.chess.com"]

[Event "Titled Tuesday Blitz August 1 Early 2023"]
[White "Panesar Vedant"]
[Black "D`Arruda, Ricardo D."]
[WhiteFideId "35033018"]
[BlackFideId "100692"]
[WhiteElo "2710"]
[BlackElo "2472"]
[Result "1-0"]
[Round "3"]
[TimeControl "180+1"]
[Date "2023.08.01"]
[WhiteClock "0:00:53"]
[BlackClock "0:00:37"]
[Board "102"]

1. d4 Nf6 2. c4 e5 3. dxe5 Ne4 4. Nd2 Nc5 5. Ngf3 Nc6 6. e3 d6 7. exd6 Bxd6 8. Be2 Qf6 9. O-O Bf5 10. Nb3 O-O-O 11. Nbd4 Be4 12. Bd2 Qh6 13. g3 Rhe8 14. b4 Ne6 15. b5 Ncxd4 16. exd4 Qh3 17. Be3 Be5 18. Bd3 Bxf3 19. Qxf3 Bxd4 20. Bf5 1-0


[Site "https://www.chess.com"]

[Event "Titled Tuesday Blitz August 1 Early 2023"]
[White "Rama, Tejas"]
[Black "nickVet"]
[WhiteFideId "30907381"]
[WhiteElo "2471"]
[BlackElo "2708"]
[Result "1-0"]
[Round "3"]
[TimeControl "180+1"]
[Date "2023.08.01"]
[WhiteClock "0:00:19"]
[BlackClock "0:00:52"]
[Board "103"]

1. d4 d5 2. c4 c6 3. Nc3 Nf6 4. e3 e6 5. Nf3 Nbd7 6. Be2 Bd6 7. O-O O-O 8. b3 b6 9. Bb2 Bb7 10. Bd3 c5 11. cxd5 exd5 12. Rc1 Ne4 13. dxc5 Ndxc5 14. Bb1 Nxc3 15. Bxc3 Ne4 16. Bb2 Ba6 17. Qd4 Nf6 18. Rfe1 Qe7 19. Qh4 Ne4 20. Qxe7 Bxe7 21. Rc7 Bb4 22. Rd1 Rfc8 23. Rxc8+ Rxc8 24. Rxd5 Nc3 25. Bxc3 Rxc3 26. Rd8+ Bf8 27. Rd1 g6 28. Nd4 Bb7 29. h4 a6 30. h5 gxh5 31. Nf5 f6 32. Kh2 Bc6 33. Rd8 Kf7 34. Nd4 Be8 35. Bxh7 Be7 36. Bg6+ Kxg6 37. Rxe8 Bd6+ 38. Kh3 Rd3 39. Re6 Be5 40. Nf3 Bc7 41. Rc6 Rd7 42. Nd4 Bd8 43. g3 Rd5 44. Kg2 Ra5 45. a4 Rd5 46. Ne6 Be7 47. Nf4+ 1-0


[Site "https://www.chess.com"]

[Event "Titled Tuesday Blitz August 1 Early 2023"]
[White "Ronka, Erik"]
[Black "Kim, Yoon-Young"]
[WhiteFideId "505080"]
[BlackFideId "30908779"]
[WhiteElo "2470"]
[BlackElo "2702"]
[Result "0-1"]
[Round "3"]
[TimeControl "180+1"]
[Date "2023.08.01"]
[WhiteClock "0:00:06"]
[BlackClock "0:00:08"]
[Board "104"]

1. e4 e5 2. Nf3 Nc6 3. Bb5 a6 4. Ba4 Nf6 5. O-O Be7 6. d3 b5 7. Bb3 d6 8. Bd2 O-O 9. h3 Bd7 10. Re1 h6 11. c3 Na5 12. Bc2 c5 13. d4 Nc4 14. Bc1 cxd4 15. cxd4 Qc7 16. d5 Rfc8 17. Bd3 Kh7 18. Nbd2 g6 19. b3 Nb6 20. Bb2 Nh5 21. Rc1 Qb7 22. Rxc8 Rxc8 23. Qb1 Nf4 24. Bf1 Bf6 25. Rc1 Rf8 26. Qc2 Rc8 27. Qd1 Rf8 28. Ba3 Qb8 29. b4 Bg7 30. Nb3 f5 31. g3 fxe4 32. Nfd2 Nxh3+ 33. Bxh3 Bxh3 34. Nxe4 Nc4 35. Kh2 Bf5 36. Nec5 dxc5 37. bxc5 Nxa3 38. d6 Nc4 39. Qd5 Rd8 40. Rd1 Qc8 41. Nd2 Be6 42. Qe4 Qxc5 43. Nf3 Bf5 44. Qb7 Rxd6 45. Rc1 Qxf2+ 46. Kh1 e4 47. Nh4 Qxg3 48. Ng2 Bh3 49. Qxe4 Rd2 50. Rg1 Ne3 0-1


[Site "https://www.chess.com"]

[Event "Titled Tuesday Blitz August 1 Early 2023"]
[White "Garcia Almaguer, Juan Manuel"]
[Black "Schnaider, Ilan"]
[WhiteFideId "5110491"]
[BlackFideId "169013"]
[WhiteElo "2469"]
[BlackElo "2695"]
[Result "0-1"]
[Round "3"]
[TimeControl "180+1"]
[Date "2023.08.01"]
[WhiteClock "0:00:00"]
[BlackClock "0:00:02"]
[Board "105"]

1. e4 e5 2. Nf3 Nc6 3. Bc4 Nf6 4. Ng5 d5 5. exd5 Na5 6. Bb5+ c6 7. dxc6 bxc6 8. Bd3 Nd5 9. Nf3 Bd6 10. O-O O-O 11. Re1 Bg4 12. h3 Bh5 13. g4 Bg6 14. Bxg6 fxg6 15. d3 Qf6 16. Kg2 Rf7 17. Bg5 Qe6 18. Nc3 Raf8 19. Nxd5 Qxd5 20. Re3 Bc5 21. c4 Qd6 22. b4 Bxe3 23. Bxe3 Rxf3 24. bxa5 Qf6 25. Qe2 c5 26. Rb1 Qc6 27. Kh2 e4 28. dxe4 Qxe4 29. Rb5 Rxf2+ 30. Qxf2 Rxf2+ 31. Bxf2 Qf4+ 32. Kg2 Qe4+ 33. Kg1 Qxc4 34. Rxc5 Qxa2 35. g5 a6 36. h4 h6 37. Kg2 Kh7 38. Kg1 Qb1+ 39. Kh2 Qb4 40. Kg2 Qg4+ 41. Kf1 Qd1+ 42. Kg2 Kg8 43. Kg3 Kf7 44. Rc7+ Kg8 45. Rc8+ Kh7 46. Rc5 Qa1 47. Kf3 Kg8 48. Ke4 Kf7 49. Be3 Ke6 50. Rc6+ Kd7 51. Rc5 Qb1+ 52. Kf3 Kd6 53. Rc1 Qf5+ 54. Kg3 Ke6 55. Re1 Kd7 56. Bf4 Qd3+ 57. Re3 Qb5 58. Re5 Qb3+ 59. Be3 Kd6 60. Re4 Kd5 61. Rd4+ Ke5 62. Kf3 hxg5 63. hxg5 Qb1 64. Rd2 Qf1+ 65. Rf2 Qh1+ 66. Ke2 Qh4 67. Bd2 Ke4 68. Kf1 Qh1+ 69. Ke2 Qh4 70. Kf1 Qg4 71. Ke1 Kd3 0-1


[Site "https://www.chess.com"]

[Event "Titled Tuesday Blitz August 1 Early 2023"]
[White "Sokolovsky, Yahli"]
[Black "Romero Pallares, Daniel"]
[WhiteFideId "2820242"]
[BlackFideId "32025637"]
[WhiteElo "2695"]
[BlackElo "2464"]
[Result "1-0"]
[Round "3"]
[TimeControl "180+1"]
[Date "2023.08.01"]
[WhiteClock "0:00:31"]
[BlackClock "0:00:00"]
[Board "106"]

1. b3 g6 2. Bb2 Nf6 3. Nf3 Bg7 4. d4 O-O 5. g3 d6 6. Bg2 c6 7. O-O Nbd7 8. Nbd2 a5 9. a4 Re8 10. e4 Qc7 11. Qe2 b6 12. Rfd1 Ba6 13. c4 e5 14. dxe5 dxe5 15. Bh3 Rad8 16. Ba3 Nc5 17. Bxc5 bxc5 18. Nf1 Nd7 19. Bxd7 Rxd7 20. Rxd7 Qxd7 21. Rd1 Qb7 22. Rd3 Bf6 23. Qe3 Qb4 24. Rd6 Re6 25. Rxe6 fxe6 26. Qd3 Qb8 27. N1d2 Qc7 28. h4 Bc8 29. Kg2 Bd7 30. Nf1 Be8 31. Ne3 h5 32. Nd1 Kg7 33. Nc3 Be7 34. Ne2 Bd6 35. Neg1 Be7 36. Nh3 Bf6 37. Nfg5 Bf7 38. Kf1 Qe7 39. Ke2 Qc7 40. Qc3 Qd8 41. Nf3 Qc7 42. Ne1 Qd8 43. Nd3 Qd6 44. Ng1 g5 45. hxg5 Bxg5 46. Qxe5+ Qxe5 47. Nxe5 Be8 48. f4 Bf6 49. Ngf3 h4 50. gxh4 Kh6 51. Kf2 Kh5 52. Kg3 Kh6 53. Ng4+ Kg7 54. Nxf6 Kxf6 55. Ne5 Bh5 56. Nxc6 Bd1 57. Nxa5 1-0


[Site "https://www.chess.com"]

[Event "Titled Tuesday Blitz August 1 Early 2023"]
[White "Ning, Kaiyu"]
[Black "Perske, Thore"]
[WhiteFideId "8614750"]
[BlackFideId "12902195"]
[WhiteElo "2693"]
[BlackElo "2462"]
[Result "1-0"]
[Round "3"]
[TimeControl "180+1"]
[Date "2023.08.01"]
[WhiteClock "0:01:51"]
[BlackClock "0:01:48"]
[Board "107"]

1. e4 e6 2. d4 d5 3. e5 c5 4. c3 Qb6 5. Nf3 Bd7 6. Be2 cxd4 7. cxd4 Bb5 8. Nc3 Bb4 9. O-O Bxc3 10. bxc3 Bxe2 11. Qxe2 Qa6 12. Qd2 h6 13. a4 Ne7 14. Ba3 Nbc6 15. Nh4 g5 16. Nf3 Rc8 17. Rfb1 b6 18. h4 g4 19. Nh2 h5 20. Nf1 Nf5 21. Qg5 Na5 22. Ne3 Qb7 23. Nxf5 exf5 24. Qg7 1-0


[Site "https://www.chess.com"]

[Event "Titled Tuesday Blitz August 1 Early 2023"]
[White "Fontaine, Quentin"]
[Black "Materia, Marco"]
[WhiteFideId "230804"]
[BlackFideId "45150451"]
[WhiteElo "2460"]
[BlackElo "2679"]
[Result "0-1"]
[Round "3"]
[TimeControl "180+1"]
[Date "2023.08.01"]
[WhiteClock "0:00:06"]
[BlackClock "0:01:43"]
[Board "108"]

1. Nf3 d5 2. g3 Nf6 3. Bg2 Bg4 4. h3 Bxf3 5. exf3 e6 6. O-O Bd6 7. f4 O-O 8. d3 c6 9. Nd2 Nbd7 10. Nf3 a5 11. Re1 a4 12. a3 b5 13. c3 Qc7 14. Qe2 c5 15. Ne5 b4 16. c4 Rab8 17. axb4 Rxb4 18. Qc2 Nxe5 19. fxe5 Bxe5 20. Rxa4 Rfb8 21. cxd5 exd5 22. Rxb4 Rxb4 23. Be3 Bd4 24. Bf4 Qc8 25. Bc1 h6 26. Qe2 Qb8 27. Qe7 Qxg3 28. Be3 Qg6 29. Bxd4 Rxd4 30. Qxc5 Rxd3 31. Qc8+ Kh7 32. b4 Rb3 33. Qc5 Rxh3 34. b5 Rh4 35. Qb4 Rxb4 0-1


[Site "https://www.chess.com"]

[Event "Titled Tuesday Blitz August 1 Early 2023"]
[White "Rosen, Eric"]
[Black "Devaev, Alexander"]
[WhiteFideId "2032562"]
[BlackFideId "4169395"]
[WhiteElo "2673"]
[BlackElo "2460"]
[Result "1-0"]
[Round "3"]
[TimeControl "180+1"]
[Date "2023.08.01"]
[WhiteClock "0:00:08"]
[BlackClock "0:00:00"]
[Board "109"]

1. Nf3 Nf6 2. b3 c5 3. Bb2 e6 4. e3 a6 5. d4 Nc6 6. a3 Be7 7. Bd3 O-O 8. Nbd2 b6 9. O-O Bb7 10. Re1 d6 11. Rc1 Rc8 12. c4 Rc7 13. Qe2 Qa8 14. Nf1 Nb8 15. e4 cxd4 16. Nxd4 Nbd7 17. Ng3 Re8 18. h4 Bf8 19. h5 h6 20. Bb1 Rec8 21. Rcd1 Nc5 22. Qe3 Bc6 23. f3 b5 24. Nxc6 Qxc6 25. e5 Ne8 26. Bd4 bxc4 27. bxc4 dxe5 28. Bxe5 Rd7 29. Kh2 Rcd8 30. Rxd7 Nxd7 31. Qd3 f5 32. f4 Be7 33. Bc3 Ndf6 34. Qe2 Kf7 35. Bxf5 Nc7 36. Bg6+ Kf8 37. f5 Bd6 38. fxe6 Be7 39. Nf5 1-0


[Site "https://www.chess.com"]

[Event "Titled Tuesday Blitz August 1 Early 2023"]
[White "Mmukka"]
[Black "Goltsev, Dmitry"]
[BlackFideId "24176710"]
[WhiteElo "2458"]
[BlackElo "2671"]
[Result "1-0"]
[Round "3"]
[TimeControl "180+1"]
[Date "2023.08.01"]
[WhiteClock "0:00:57"]
[BlackClock "0:02:04"]
[Board "110"]

1. e4 e6 2. d4 d5 3. Nc3 c5 4. exd5 exd5 5. dxc5 Nf6 6. Nf3 Bxc5 7. Bb5+ Nc6 8. O-O O-O 9. Bg5 Bg4 10. h3 Bh5 11. Be2 h6 12. Bxf6 Qxf6 13. Qxd5 Bxf3 14. Bxf3 Bd4 15. Ne4 Qf4 16. c3 Bb6 17. Qd6 Qf5 18. Ng3 Qg5 19. Ne4 Qf5 20. Rae1 Rad8 21. Qg3 Rd7 22. Bg4 Qa5 23. Bxd7 Ne5 24. Nf6+ Kh8 25. Rxe5 Qxa2 26. Qd3 gxf6 27. Rh5 Kg7 28. Qg3+ Kh7 29. Bf5+ Kh8 30. Rxh6# 1-0


[Site "https://www.chess.com"]